 Dungeon Crawl Stone Soup version 0.17-a0-1195-g0639cb0 (webtiles) character file.

282 Chiseanne the Skirmisher (level 6, -2/38 HPs)
             Began as a Kobold Fighter on June 2, 2015.
             Slain by a phantom (6 damage)
             ... on level 4 of the Dungeon.
             The game lasted 00:10:16 (4564 turns).

Chiseanne the Skirmisher (Kobold Fighter)           Turns: 4564, Time: 00:10:16

Health: -2/38      AC: 11    Str: 14    XL:     6   Next: 53%
Magic:  7/7        EV: 10    Int:  6    God:
Gold:   104        SH: 13    Dex: 18    Spells: 0 memorised, 5 levels left

rFire  . . .     SeeInvis .     a - +2 whip (venom)
rCold  . . .     Clarity  .     b - +0 scale mail
rNeg   . . .     SustAt   .     c - +3 shield
rPois  .         Gourm    .     n - +0 helmet
rElec  .         Spirit   .     (no cloak)
rCorr  .         Warding  .     C - +0 pair of gloves
rMut   .         Stasis   .     i - +1 pair of boots
MR     .....                    (no amulet)
Stlth  ..........               (no ring)
                                e - ring of invisibility

@: lethally poisoned (-2 -> -2), not resistant to hostile enchantments,
extremely unstealthy
A: carnivore 3
a: Evoke Invisibility


You were on level 4 of the Dungeon.
You were completely stuffed.

You visited 1 branch of the dungeon, and saw 4 of its levels.
You also visited: Sewer.

You collected 104 gold pieces.

Inventory:

Hand weapons
 a - a +2 whip of venom (weapon)
 s - a +0 rapier
 w - a +0 blowgun
Missiles
 l - a throwing net (quivered)
 r - 28 poisoned needles
 x - 8 silver sling bullets
Armour
 b - a +0 scale mail (worn)
 c - a +3 shield (worn)
 i - a +1 pair of boots (worn)
 n - a +0 helmet (worn)
 C - a +0 pair of gloves (worn)
Jewellery
 e - a ring of invisibility (left hand)
Scrolls
 k - 3 scrolls of remove curse
 v - a scroll of blinking
 A - a scroll of magic mapping
Potions
 d - a potion of might
 f - 2 potions of invisibility
 g - 2 potions of heal wounds
 h - a potion of agility {unknown}
 j - 4 potions of magic
 m - a potion of brilliance {unknown}
 o - a potion of degeneration {unknown}
 q - a potion of haste {unknown}
 t - a potion of mutation {unknown}
 u - 2 potions of berserk rage {unknown}
 z - 3 potions of curing {unknown}
Comestibles
 p - 3 meat rations
 B - a chunk of flesh


   Skills:
 * Level 4.1 Fighting
 - Level 2.6 Short Blades
 - Level 0.3 Throwing
 * Level 3.1 Armour
 * Level 3.0 Dodging
 * Level 4.0 Shields
 * Level 1.9 Evocations


You had 5 spell levels left.
You didn't know any spells.

Dungeon Overview and Level Annotations

Branches:
Dungeon (4/15)
 Temple: D:4-7

Altars:
Dithmenos
Kikubaaqudgha
Yredelemnul

Annotations:
D:3 exclusion: door


Innate Abilities, Weirdness & Mutations

You are small and have problems with some larger weapons.
You are carnivorous and can eat meat at any time.


Message History

The worker ant zombie barely misses you.
The phantom hits you.
* * * LOW HITPOINT WARNING * * *
You hit the worker ant zombie.
You feel sick.
The worker ant zombie bites you but does no damage.
The phantom barely misses you.
You block the worker ant zombie's attack.
The phantom blinks!
Read which item? (? for menu, Esc to quit)
Okay, then.
Drink which item? (? for menu, Esc to quit)
Okay, then.
Read which item? (? for menu, Esc to quit)
As you read the scroll of teleportation, it crumbles to dust.
You feel strangely unstable.
You feel sick.
The phantom blinks!
The worker ant zombie bites you.
* * * LOW HITPOINT WARNING * * *
Your surroundings suddenly seem different.
The phantom hits you.
You die...

###.# #.# #...# #.###
#.### #.... #.# #.<# #.#
#############.. #.#
#...Z..§...... #.#
##.#######...##.##
##.####...†......W....Z.
....##...##.##..@..##
##..##.### .##.#.##
#..##.# ..# #.. #...).#
#.##. ##.# .........##.
. .# ###.......... ..
########..# . .. #


You could see a phantom and a water moccasin skeleton (wandering).

Vanquished Creatures
  An orc wizard (D:4)
  2 worker ants (D:4)
  8 adders
  2 oozes
  3 worms (D:2)
  6 giant geckos
  4 orcs (D:4)
  A bat skeleton (D:4)
  9 giant cockroaches
  8 goblins
  8 hobgoblins
  13 jackals
  20 kobolds
  A quokka (D:4)
  7 ball pythons
  8 bats
  5 giant newts
  6 rats
  3 plants (Sewer)
115 creatures vanquished.

Notes
Turn   | Place    | Note
--------------------------------------------------------------
     0 | D:1      | Chiseanne the Kobold Fighter began the quest for the Orb.
     0 | D:1      | Reached XP level 1. HP: 14/14 MP: 1/1
   215 | D:1      | Reached XP level 2. HP: 19/19 MP: 2/2
   614 | D:1      | Reached XP level 3. HP: 23/23 MP: 3/3
   622 | D:1      | Reached skill level 1 in Evocations
  1437 | D:2      | Reached skill level 1 in Dodging
  1904 | D:2      | Reached XP level 4. HP: 22/29 MP: 4/4
  2583 | D:2      | Found a shadowy altar of Dithmenos.
  2635 | D:2      | Reached XP level 5. HP: 31/33 MP: 6/6
  2639 | D:2      | Found an ancient bone altar of Kikubaaqudgha.
  3107 | D:3      | Found a glowing drain.
  3129 | Sewer    | Entered a sewer
  3212 | Sewer    | Reached skill level 4 in Fighting
  4025 | D:3      | Reached XP level 6. HP: 38/38 MP: 7/7
  4260 | D:3      | Found a basalt altar of Yredelemnul.
  4564 | D:4      | Slain by a phantom

Vault maps used:
D:1:      minmay_arrival_plants_in_alcoves
D:2:      lemuel_doored_altar, nicolae_dithmenos_shadow_blocks,
          minmay_snake_closets
D:3:      yredelemnul_forgotten_temple_becter, gup_sewer_entry_pipe
D:4:      kennysheep_mini, minmay_ruptured
Sewer:    sewer_co_scattered_pipes

Action                   |  1- 3 |  4- 6 || total
-------------------------+-------+-------++-------
Melee: Rapier            |   148 |    96 ||   244
       Whip              |       |   261 ||   261
  Use: Scroll            |     5 |    11 ||    16
  Eat: Chunk             |     6 |    11 ||    17
       Meat ration       |     1 |       ||     1
